 Dungeon Crawl Stone Soup version 0.21-a0-82-gdb84782 (webtiles) character file.

112 BearDestroyer the Ruffian (level 4, -4/44 HPs)
             Began as a Troll Berserker on June 24, 2017.
             Was an Initiate of Makhleb.
             Slain by a black bear (7 damage)
             ... created by the rage of Trog
             ... on level 3 of the Dungeon.
             The game lasted 00:12:28 (2437 turns).

BearDestroyer the Ruffian (Troll Berserker)         Turns: 2437, Time: 00:12:31

Health: -4/44      AC:  5    Str: 26    XL:     4   Next: 64%
Magic:  3/3        EV: 10    Int:  3    God:    Makhleb [......]
Gold:   62         SH:  0    Dex:  9    Spells: 3/3 levels left

rFire    . . .     SeeInvis .     - Unarmed
rCold    . . .     Gourm    +   (no shield)
rNeg     . . .     Faith    .   a - +0 animal skin
rPois    .         Spirit   .   (helmet restricted)
rElec    .         Reflect  .   (no cloak)
rCorr    .         Harm     .   (gloves unavailable)
MR       .....                  (boots unavailable)
Stlth    +.........             (no amulet)
HPRegen  0.54/turn              (no ring)
MPRegen  0.08/turn              (no ring)

@: about to teleport
A: unfitting armour, claws 3, fast metabolism 3, gourmand, regeneration 1,
shaggy fur 1, tough skin 2
a: Renounce Religion


You were on level 3 of the Dungeon.
You worshipped Makhleb.
Makhleb was noncommittal.
You were completely stuffed.

You visited 1 branch of the dungeon, and saw 3 of its levels.

You collected 62 gold pieces.

Inventory:

Armour
 a - a +0 animal skin (worn)
Scrolls
 c - a scroll of identify {unknown}
 d - a scroll of enchant weapon
 e - a scroll of teleportation
Potions
 f - a potion of cancellation {unknown}
 g - a potion of mutation {unknown}
Comestibles
 b - 2 bread rations
 h - 5 chunks of flesh


   Skills:
 + Level 2.8 Fighting
 + Level 3.2 Dodging
 + Level 4.4 Unarmed Combat


You had 3 spell levels left.
You didn't know any spells.

Dungeon Overview and Level Annotations

Branches:
Dungeon (3/15)

Altars:
Makhleb


Innate Abilities, Weirdness & Mutations

You are too large for most types of armour.
You have claws for hands.
Your metabolism is lightning-fast.
You like to eat raw meat.
Your natural rate of healing is unusually fast.
You are covered in fur. (AC +1)
You have very tough skin. (AC +2)


Message History

There isn't anything here!
As you read the scroll of teleportation, it crumbles to dust.
You feel strangely unstable.
You feel yourself speed up. The polar bear bites you! The polar bear claws you.
The polar bear barely misses you. The black bear barely misses you.
The black bear claws you. x2
The polar bear closely misses you. The polar bear claws you!
* * * LOW HITPOINT WARNING * * *
The polar bear claws you.
* * * LOW HITPOINT WARNING * * *
The black bear bites you.
* * * LOW HITPOINT WARNING * * *
The black bear closely misses you.
The black bear claws you but does no damage.
The black bear rages.
The polar bear barely misses you.
The polar bear claws you but does no damage. x2
The black bear barely misses you. The black bear claws you!
You die...

#.######>.########...#.
#.#...........$........
#.#.####....)...##...#
#. #..#####!# # #. #..#
#.# #. #÷h# #.# .. #h.#
#.# .###.##hh# ...
.......@h# ###
####.##.## # #.. ####


You could see 2 polar bears and 3 black bears.

Vanquished Creatures
  3 adders (D:2)
  A worm (D:2)
  6 dart slugs
  4 orcs (D:3)
  4 bats
  2 giant cockroaches (D:2)
  9 goblins
  5 hobgoblins
  8 jackals (D:2)
  5 kobolds
  2 quokkas (D:2)
  A ball python (D:1)
  4 frilled lizards
  10 rats
  A plant (D:1)
65 creatures vanquished.

Notes
Turn   | Place    | Note
-------+----------+-------------------------------------------
     0 | D:1      | BearDestroyer the Troll Berserker began the quest for the Orb.
     0 | D:1      | Reached XP level 1. HP: 22/22 MP: 0/0
   198 | D:1      | Reached XP level 2. HP: 29/29 MP: 1/1
   791 | D:1      | Reached XP level 3. HP: 34/36 MP: 2/2
  1096 | D:2      | Reached ** piety under Trog
  1116 | D:2      | Found a burning altar of Makhleb.
  1524 | D:2      | Reached skill level 4 in Unarmed Combat
  1524 | D:2      | Reached XP level 4. HP: 42/44 MP: 3/3
  2293 | D:2      | Fell from the grace of Trog
  2293 | D:2      | Became a worshipper of Makhleb the Destroyer
  2435 | D:3      | Noticed a black bear
  2435 | D:3      | Noticed a polar bear
  2435 | D:3      | Noticed a polar bear
  2435 | D:3      | Noticed a black bear
  2435 | D:3      | Noticed a black bear
  2437 | D:3      | Slain by a black bear

Vault maps used:
D:1:      denvon_arrival_planthouse, minmay_misc_feat_plants
D:2:      nicolae_overflow_crystal_walls

Skill      XL: |  1  2  3 |
---------------+----------+-----
Dodging        | 3 |  3.2
Unarmed Combat | 4 |  4.4
Fighting       | |  2.8

Action                   |  1- 3 |  4- 6 || total
-------------------------+-------+-------++-------
Melee: Unarmed           |   129 |    56 ||   185
       Punch             |     2 |     1 ||     3
  Use: Scroll            |     2 |     1 ||     3
  Eat: Chunk             |    12 |    11 ||    23
       Bread ration      |     1 |       ||     1
Armor: Animal skin       |    37 |    23 ||    60
Dodge: Dodged            |    57 |    44 ||   101
